 Dungeon Crawl Stone Soup version 0.27-a0-1256-gced786f65e (webtiles) character file.

Game seed: 6546228513042910605

2 HendSelp the Skirmisher (level 1, -2/19 HPs)
             Began as a Hill Orc Fighter on June 11, 2021.
             Succumbed to a kobold's poison
             ... on level 1 of the Dungeon.
             The game lasted 00:00:18 (45 turns).

HendSelp the Skirmisher (Hill Orc Fighter)            Turns: 45, Time: 00:00:18

Health: -2/19      AC:  6    Str: 18    XL:     1   Next: 40%
Magic:  1/1        EV:  7    Int:  8    God:
Gold:   0          SH:  9    Dex: 10    Spells: 0/0 levels left

rFire    . . .     SeeInvis .   a - +0 war axe
rCold    . . .     Faith    .   c - +0 kite shield
rNeg     . . .     Spirit   .   b - +0 scale mail
rPois    .         Reflect  .   (no helmet)
rElec    .         Harm     .   (no cloak)
rCorr    .         Rampage  .   (no gloves)
Will     .....                  (no boots)
Stlth    ..........             (no amulet)
HPRegen  0.06/turn              (no ring)
MPRegen  0.07/turn              (no ring)

@: lethally poisoned (-2 -> -29)
A: no striking features
a: no special abilities


You were on level 1 of the Dungeon.
You visited 1 branch of the dungeon, and saw 1 of its levels.

Inventory:

Hand Weapons
 a - a +0 war axe (weapon)
Armour
 b - a +0 scale mail (worn)
 c - a +0 kite shield (worn)
Potions
 d - a potion of might


   Skills:
 - Level 3.6 Fighting
 + Level 3.1 Axes
 - Level 3.2 Armour
 - Level 3.2 Shields


You couldn't memorise any spells.
You didn't know any spells.
Your spell library was empty.

Dungeon Overview and Level Annotations

Branches:
Dungeon (1/15)

Altars:


Message History

A dart slug comes into view.
You closely miss the jackal. You hit the kobold. The jackal closely misses you.
A hobgoblin comes into view.
The kobold hits you but does no damage.
The jackal bites you but does no damage.
The kobold hits you but does no damage.
You are poisoned.
The jackal bites you but does no damage.
The hobgoblin moves out of view.
You feel very sick.
A jackal comes into view.
Unknown command.
The jackal barks!
You slash the jackal!
You kill the jackal!
You feel sick.
Your Axes skill increases to level 3!
Unknown command.
Unknown command.
You closely miss the kobold.
The kobold is severely wounded.
You feel sick.
The kobold hits you with a +1 dagger of venom.
You are lethally poisoned!
The kobold hits you but does no damage.
You are more poisoned.
You closely miss the kobold.
The kobold is severely wounded.
* * * LOW HITPOINT WARNING * * *
You feel extremely sick. The kobold hits you but does no damage.
You are more poisoned.
Unknown command.
Unknown command.
Unknown command.
Unknown command.
As you read the scroll labelled XIOKKECL YLUIMOCK, it crumbles to dust.
It is a scroll of identify.
You don't have any unidentified items.
You die...

#..##.##.<.##.##..#
#..##.##...##.##..#
#...#..##'##..#...#
##..##.......##..##
#...#########...#
##....#####....##
##...........##
###.......###
####@#### #K#
.......Jgh.....
.#.#####h.#####
w... .##.# .. ...
.. #.# ..# .#


You could see a dart slug, an endoplasm, a jackal, a goblin and a kobold.

Vanquished Creatures
  2 jackals (D:1)
2 creatures vanquished.

Notes
Turn   | Place    | Note
-------+----------+-------------------------------------------
     0 | D:1      | HendSelp the Hill Orc Fighter began the quest for the Orb.
     0 | D:1      | Reached XP level 1. HP: 19/19 MP: 1/1
    45 | D:1      | Succumbed to a kobold's poison

Illustrated notes

Levels and vault maps discovered:
D:1:      dpeg_arrival_concentric_ovals, layout_basic

Skill      XL: |  1 |
---------------+----+-----
Axes           | 3 |  3.1
Fighting       | |  3.6
Armour         | |  3.2
Shields        | |  3.2

Action                   || total
-------------------------++-------
Melee: War axe           ||     7
  Use: Scroll            ||     1
Armor: Scale mail        ||     9
Dodge: Dodged            ||     2
Block: Kite shield       ||     1

Table legend: (Time is in decaauts)
 A = Elapsed time spent in this place.
 B = Non-inter-level travel time spent in this place.
 C = Inter-level travel time spent in this place.
 D = Time resting spent in this place.
 E = Time spent auto-exploring this place.
 F = Levels seen in this place.
 G = Mean time per level.
                   A        B        C        D        E       F      G
               +--------+--------+--------+--------+--------+-----+--------+
         Total |     49 |     49 |      0 |      0 |     34 |   1 |   49.0 |
       Dungeon |     49 |     49 |      0 |      0 |     34 |   1 |   49.0 |
               +--------+--------+--------+--------+--------+-----+--------+

Top non-repeatable levels by time:
     D:1: 49 daAuts
